 Dungeon Crawl Stone Soup version 0.30-a0-1082-g70414cbcbb (webtiles) character file.

Game seed: 3313408703095743957

43 jimonade the Grasshopper (level 3, -2/28 HPs)
             Began as a Barachi Warper on Apr 15, 2023.
             Slain by an adder (3 damage)
             ... on level 3 of the Dungeon.
             The game lasted 00:03:35 (1968 turns).

jimonade the Grasshopper (Barachi Warper)           Turns: 1968, Time: 00:03:36

Health: -2/28      AC:  5    Str: 12    XL:     3   Next: 58%
Magic:  6/6        EV: 12    Int: 13    God:
Gold:   97         SH:  0    Dex: 13    Spells: 2/6 levels left

rFire   . . .      SeeInvis .    a - +0 falchion
rCold   . . .      Faith    .    (no shield)
rNeg    . . .      Spirit   .    b - +0 leather armour
rPois   .          Reflect  .    (no helmet)
rElec   .          Rampage  .    (no cloak)
rCorr   .                        n - +0 pair of gloves
Will    .....                    q - +0 pair of boots
Stlth   +                        (no amulet)
HPRegen 0.24/turn                (no ring)
MPRegen 0.10/turn                (no ring)

@: lethally poisoned (-2 -> -8), slow
A: amphibious, slowness 1, strong legs 1, +LOS
a: Hop


You were on level 3 of the Dungeon.
You visited 1 branch of the dungeon, and saw 3 of its levels.

You collected 97 gold pieces.

Inventory:

Hand Weapons
 a - a +0 falchion (weapon)
 v - a +0 mace
 x - a +0 short sword
Missiles
 d - 7 boomerangs of dispersal (quivered)
 t - 4 datura-tipped darts
Armour
 b - a +0 leather armour (worn)
 n - a +0 pair of gloves (worn)
 p - a +0 ring mail
 q - a +0 pair of boots (worn)
 w - an orb of wrath
Magical Staves
 l - a staff of conjuration
Scrolls
 c - 3 scrolls of blinking
 e - a scroll of enchant armour {unknown}
 f - a scroll of fog {unknown}
 i - 2 scrolls of identify {unknown}
 j - 2 scrolls of noise {unknown}
 k - a scroll of immolation {unknown}
 m - 2 scrolls of teleportation {unknown}
 o - a scroll of vulnerability {unknown}
 s - a scroll of magic mapping {unknown}
 u - a scroll of amnesia {unknown}
 y - a scroll of torment {unknown}
Potions
 g - a potion of haste {unknown}
 h - a potion of lignification {unknown}
 r - a potion of curing {unknown}


   Skills:
 - Level 2.4 Fighting
 - Level 2.4 Long Blades
 - Level 1.0 Throwing
 - Level 1.2 Armour
 - Level 2.1 Dodging
 - Level 2.3 Spellcasting
 + Level 4.8 Translocations


You had 2 spell levels left.
You knew the following spells:

 Your Spells              Type           Power      Damage    Failure   Level
a - Blink                 Tloc           28%        N/A       6%          2
b - Lesser Beckoning      Tloc           28%        N/A       6%          2

Your spell library contained the following spells:

 Spells                   Type           Power      Damage    Failure   Level
 Static Discharge         Conj/Air       2%         2-3/arc   43%         2
 Teleport Other           Tloc           14%        N/A       13%         3
 Portal Projectile        Hex/Tloc       14%        N/A       34%         3
 Vhi's Electric Charge    Tloc/Air       14%        N/A       34%         3
 Manifold Assault         Tloc           14%        N/A       38%         4
 Call Canine Familiar     Summ           1%         N/A       67%         3
 Airstrike                Air            0%         2d(1-17)  97%         4
 Leda's Liquefaction      Hex/Erth       0%         N/A       97%         4
 Summon Lightning Spire   Summ/Air       1%         N/A       97%         4
 Storm Form               Tmut/Air       0%         N/A       100%        7


Dungeon Overview and Level Annotations

Branches:
Dungeon (3/15)

Altars:

Annotations:
D:2 exclusion: gnoll


Innate Abilities, Weirdness & Mutations

You are amphibious.
You cover ground slowly.
You can hop short distances.
You have an extended range of vision and can be seen from far away.


Message History

The adder poisons you!
You miss the adder.
The adder is heavily wounded.
You feel sick. The adder bites you but does no damage. The adder bites you.
You are more poisoned.
The adder poisons you!
You hit the adder.
The adder is almost dead.
You feel sick. The adder bites you but does no damage.
You closely miss the adder.
The adder is almost dead.
You feel sick. The adder closely misses you. x2
You closely miss the adder.
The adder is almost dead.
You feel sick. The adder bites you.
You are more poisoned.
The adder poisons you!
You are too injured to fight recklessly!
You miss the adder.
The adder is almost dead.
You feel sick. The adder barely misses you. x2
You closely miss the adder.
The adder is almost dead.
You feel sick. The adder bites you.
* * * LOW HITPOINT WARNING * * *
You hit the adder but do no damage.
The adder is almost dead.
You feel sick. The adder closely misses you. The adder bites you.
* * * LOW HITPOINT WARNING * * *
You barely miss the adder.
The adder is almost dead.
You feel sick. The adder bites you.
* * * LOW HITPOINT WARNING * * *
You are lethally poisoned!
The adder poisons you!
You miss the adder.
The adder is almost dead.
* * * LOW HITPOINT WARNING * * *
You feel sick. The adder bites you but does no damage. The adder bites you.
You die...

######## .#
.......# .#
######.# .#
##.###.#####.###
.#
#..............#
.#
.....#.#####.#.#
.# #...##.# #.#.#
.# ##.###.#
#.#.##S# .......#
#....@.# ##†#####
###.#### ##'##
#####.## #...##
#......# .....##
#.#....# ......##
#.#.##.#
.......###....#.#
)......'........#
.......####...###


You could see an adder.

Vanquished Creatures
  2 adders
  8 ball pythons
  2 bats
  An endoplasm (D:2)
  A giant cockroach (D:2)
  A hobgoblin (D:1)
  4 frilled lizards
  A goblin (D:1)
  7 kobolds
  2 rats (D:1)
29 creatures vanquished.

Notes
Turn   | Place    | Note
-------+----------+-------------------------------------------
     0 | D:1      | jimonade the Barachi Warper began the quest for the Orb.
     0 | D:1      | Reached XP level 1. HP: 17/17 MP: 3/3
    34 | D:1      | Found a faded altar of an unknown god.
   136 | D:1      | Reached XP level 2. HP: 17/23 MP: 5/5
   333 | D:1      | Reached skill level 4 in Translocations
  1003 | D:2      | Learned a level 2 spell: Blink
  1006 | D:2      | Learned a level 2 spell: Lesser Beckoning
  1027 | D:2      | Reached XP level 3. HP: 3/28 MP: 6/6
  1968 | D:3      | HP: 1/28 [poisoned by an adder]
  1968 | D:3      | Slain by an adder

Illustrated notes

Levels and vault maps discovered:
D:1:      lemuel_arrival_funnel, layout_loops_ring,
          shapermc_ecumenical_altar_venn
D:2:      layout_basic, minmay_fountain_box
D:3:      layout_loops_corners, mainiacjoe_overflow_six_doors_small,
          nicolae_qazlal_style_of_elements

Skill      XL: |  1  2 |
---------------+-------+-----
Translocations | 4 |  4.8
Fighting       | |  2.4
Long Blades    | |  2.4
Throwing       | |  1.0
Armour         | |  1.2
Dodging        | |  2.1
Spellcasting   | |  2.3

Action                     || total
---------------------------++-------
  Melee: Falchion          ||   119
         Punch             ||     2
 Armour: Leather armour    ||    36
  Dodge: Dodged            ||    71

Table legend: (Time is in decaauts)
 A = Elapsed time spent in this place.
 B = Non-inter-level travel time spent in this place.
 C = Inter-level travel time spent in this place.
 D = Time resting spent in this place.
 E = Time spent auto-exploring this place.
 F = Levels seen in this place.
 G = Mean time per level.
                   A        B        C        D        E       F      G
               +--------+--------+--------+--------+--------+-----+--------+
         Total |   2291 |   2207 |     84 |     92 |   1711 |   3 |  763.7 |
       Dungeon |   2291 |   2207 |     84 |     92 |   1711 |   3 |  763.7 |
               +--------+--------+--------+--------+--------+-----+--------+

Top non-repeatable levels by time:
     D:2: 1113 daAuts
     D:1: 933 daAuts
     D:3: 244 daAuts
